 Dungeon Crawl Stone Soup version 0.19.5 (webtiles) character file.

126661 tognito the Warrior (level 16, -7/217 HPs)
             Began as a Minotaur Berserker on Mar 18, 2017.
             Was a High Priest of Trog.
             Killed from afar by a deep elf knight (20 damage)
             ... with a stone arrow
             ... on level 1 of the Elven Halls.
             The game lasted 01:26:35 (28010 turns).

tognito the Warrior (Minotaur Berserker)           Turns: 28010, Time: 01:26:36

Health: -7/217     AC: 26    Str: 31    XL:     16   Next: 44%
Magic:  15/15      EV: 20    Int:  0    God:    Trog [*****.]
Gold:   3027       SH:  0    Dex: 11    Spells: 0 memorised, 15 levels left

rFire  . . .     SeeInvis .     a - +5 executioner's axe (flame)
rCold  . . .     Gourm    .     N - +1 plate armour {rPois}
rNeg   . . .     Faith    .     (shield currently unavailable)
rPois  +         Spirit   .     Q - +2 hat
rElec  .         Reflect  .     A - +1 cloak
rCorr  .         Harm     .     J - +0 pair of gloves
MR     +....                    P - +0 pair of boots
Stlth  ..........               X - amulet of regeneration
                                D - +1 ring of protection
                                y - +6 ring of evasion

@: berserking, marked, slowed, lost intelligence
A: retaliatory headbutt, horns 2, blurry vision 1, clumsy 1, dopey 2, frail 1
a: Berserk, Trog's Hand, Brothers in Arms, Burn Spellbooks, Renounce Religion


You were on level 1 of the Elven Halls.
You worshipped Trog.
Trog was extremely pleased with you.
You were very hungry.

You visited 4 branches of the dungeon, and saw 24 of its levels.
You visited the Abyss 2 times.
You also visited: Sewer and Volcano.

You collected 3027 gold pieces.

Inventory:

Hand Weapons
 a - a +5 executioner's axe of flaming (weapon)
 b - a +0 arbalest
 n - a +4 hand axe of distortion
 E - the +9 battleaxe of Imminent Death {venom, rElec rC++ Int-4 SInv}
   (Trog gifted it to you on level 4 of the Lair of Beasts)

   It poisons the flesh of those it strikes.
   It affects your intelligence (-4).
   It greatly protects you from cold.
   It insulates you from electricity.
   It lets you see invisible.
Missiles
 p - 492 bolts
Armour
 A - a +1 cloak (worn)
 J - a +0 pair of gloves (worn)
 N - a +1 plate armour of poison resistance (worn)
 P - a +0 pair of boots (worn)
 Q - a +2 hat (worn)
Jewellery
 x - an uncursed amulet of guardian spirit
 y - a +6 ring of evasion (left hand)
 B - an uncursed ring of poison resistance
 D - a +1 ring of protection (right hand)
 X - an amulet of regeneration (around neck)
Wands
 f - a wand of paralysis (15/24)
 K - a wand of digging (6/24)
 L - a wand of teleportation (7/9)
 T - a wand of enslavement (10/24)
 W - a wand of heal wounds (5/9)
Scrolls
 e - 7 scrolls of teleportation
 g - 4 scrolls of magic mapping
 h - 4 scrolls of enchant armour
 j - 5 scrolls of fog
 l - a scroll of brand weapon {unknown}
 o - 18 scrolls of identify
 r - 3 scrolls of recharging
 t - 8 scrolls of enchant weapon
 w - 2 scrolls of fear
 F - 13 scrolls of remove curse
 V - a scroll of acquirement
Potions
 d - 3 potions of haste
 k - 2 potions of resistance
 q - 2 potions of magic
 s - 6 potions of might
 u - 9 potions of curing
 z - 2 potions of brilliance
 I - 2 potions of flight
 R - 4 potions of agility
 S - a potion of heal wounds
Miscellaneous
 H - a lamp of fire
Comestibles
 c - 20 bread rations
 i - 3 slices of pizza
 m - 14 fruits
 v - 9 meat rations
 G - 9 beef jerkies
 Y - 20 royal jellies


   Skills:
 * Level 19.8 Fighting
 * Level 19.4 Axes
 + Level 14.4 Armour
 + Level 13.3 Dodging


You had 15 spell levels left.
You didn't know any spells.

Dungeon Overview and Level Annotations

Branches:
Dungeon (15/15)            Temple (0/1) D:5            Lair (6/6) D:11
  Swamp (0/4) Lair:3       Spider (0/4) Lair:2        Slime (0/5) Lair:6
    Orc (2/2) D:9             Elf (1/3) Orc:2        Vaults (0/5) D:13
 Depths (0/5) D:15

Altars:
Cheibriados
Elyvilon
Fedhas
Hepliaklqana
Kikubaaqudgha
Nemelex Xobeh
Okawaru
Qazlal
Ru
Sif Muna
Trog
Uskayaw
Xom
Yredelemnul
Zin
Beogh
Jiyva

Shops:
D:4 (   D:8 [   D:9 (   D:12 (   D:14 %   D:15 !?(   Orc:2 !!![   Elf:1 *


Innate Abilities, Weirdness & Mutations

You reflexively headbutt those who attack you in melee.
You have a pair of horns on your head.
[Scrolls take you a little longer to read.]
[You are clumsy. (Dex -2)]
[You are very dopey. (Int -4)]
[You are frail. (-10% HP)]


Message History

Agnes is heavily wounded.
Agnes misses you. You furiously retaliate!
You headbutt Agnes!!
A deep elf mage comes into view. It is wielding a long sword.
You open Agnes like a pillowcase!!! You burn Agnes!
You kill Agnes!
Trog accepts your kill.
You feel the corruption within you wane somewhat.
You feel robust.
You slice the deep elf knight!! You burn the deep elf knight!
The deep elf knight closely misses you.
The deep elf mage mumbles some strange words.
The deep elf mage blinks!
The deep elf knight misses you.
You closely miss the deep elf knight.
Your headbutt misses the deep elf knight.
The deep elf knight is severely wounded.
Your plate armour prevents you from hitting the deep elf mage.
You hit the deep elf annihilator. You burn the deep elf annihilator.
The deep elf knight casts a spell at you.
The stone arrow hits you!
You die...

#....###
#.......).'......
#......#
#.......###......
#....### #...>...#
#...... #..##'## ###
###...### ##.....
##+###.###.### #####
+#>... ##'.....###
#i.# ##+#
#.....ยง...# #....
#.........####.....
#...^...e@)..'.......
#.......ee####......#
#..e.....e# #....###
###.....'## ###.###
###


You could see a deep elf annihilator, a deep elf knight and 3 deep elf magi.

Vanquished Creatures
  A bone dragon (Abyss:3)
  Rupert (D:15)
  Agnes (Elf:1)
  Roxanne (D:15)
  Donald (Orc:2)
  An ophan (Abyss:3)
  2 very ugly things (Abyss:5)
  The ghost of Felix the Frost Mage, a journeyman GrIE of Vehumet (Lair:6)
  Josephine (D:15)
  A fire dragon (Lair:6)
  A great orb of eyes (D:15)
  The ghost of Exporg the Cleaver, a journeyman MiFi of Trog (Lair:1)
  5 vault guards (D:13)
  2 centaur warriors
  5 hydras
  A tengu warrior (D:14)
  Erica (Lair:2)
  An ogre mage (D:13)
  Urug (D:14)
  2 thrashing horrors (Abyss:4)
  A deep elf knight (Elf:1)
  2 wretched stars (Abyss:3)
  A spatial maelstrom (Abyss:4)
  5 unseen horrors
  The ghost of equalderp2856 the Gouger, a novice FeFi (Lair:2)
  An orange crystal statue (D:15)
  A deep elf archer (Elf:1)
  2 lindwurms (Lair:6)
  10 hill giants
  A wolf spider (D:15)
  A mana viper (Abyss:3)
  4 orc knights
  The ghost of strmesko the Thaumaturge, a novice DEWz of Sif Muna (D:8)
  An orc sorcerer (Volcano)
  7 deep elf magi
  4 manticores
  9 slime creatures
  A salamander (D:15)
  17 ugly things
  3 cyclopes
  8 black mambas
  2 molten gargoyles (Volcano)
  A centaur zombie (D:14)
  4 elephants (Lair:5)
  6 torpor snails (Lair:6)
  8 spiny frogs
  5 smoke demons
  3 gargoyles
  A hellion (Abyss:3)
  A kobold demonologist (D:15)
  4 rime drakes
  2 efreet
  2 yaktaurs
  3 komodo dragons
  2 tengu conjurers
  An anaconda simulacrum (Abyss:3)
  A red devil (Volcano)
  An ancient zyme (Abyss:4)
  8 polar bears (Lair:6)
  A jumping spider (Lair:2)
  11 trolls
  2 jumping spiders (shapeshifter)
  6 hornets (Lair:6)
  A two-headed ogre (D:8)
  A queen bee (Lair:2)
  3 tyrant leeches (Lair:6)
  4 large abominations
  A blink frog (shapeshifter) (D:13)
  4 raiju (Lair:6)
  19 blink frogs
  A meliai zombie (D:15)
  A ynoxinul (Abyss:4)
  18 hippogriffs
  3 flying skulls (Abyss:3)
  A redback (Lair:2)
  2 water elementals (D:15)
  2 shadows
  2 wyverns (D:12)
  2 air elementals
  A vampire (D:15)
  6 wraiths
  A chaos spawn (Abyss:3)
  2 fire bats (Volcano)
  64 yaks
  4 basilisks
  3 vampire mosquitoes (D:15)
  8 wargs
  3 soldier ants
  12 water moccasins
  6 hell hounds
  10 porcupines
  7 sky beasts
  37 orc warriors
  4 ice beasts
  2 eyes of draining
  14 black bears
  2 phantoms (D:7)
  A necrophage (D:9)
  8 ogres
  10 wolves (Lair:6)
  14 centaurs
  9 crocodiles
  8 big kobolds
  13 bullfrogs
  An earth elemental (Elf:1)
  A wyvern zombie (D:13)
  A scorpion (D:13)
  A wyvern skeleton (D:13)
  25 killer bees
  8 wights
  5 howler monkeys
  3 electric eels
  6 crimson imps
  7 lava snakes (Volcano)
  A quasit (D:7)
  6 starcursed masses (Abyss:4)
  2 bullfrog zombies
  2 bullfrog skeletons
  2 jellies
  Crazy Yiuf (D:4)
  17 hounds
  15 orc priests
  13 orc wizards
  8 centaur skeletons
  An iguana (Lair:3)
  An iron imp (Abyss:3)
  Terence (D:2)
  10 worker ants
  4 hell rats (Lair:6)
  A killer bee zombie (D:7)
  3 small abominations (Abyss:3)
  A hound skeleton (D:4)
  A mummy (D:7)
  A worker ant zombie (D:11)
  Robin (D:2)
  8 gnolls
  20 adders
  An ogre simulacrum (Abyss:4)
  4 river rats
  3 shadow imps
  A white imp (Abyss:3)
  An ufetubus (Abyss:4)
  7 oozes
  An adder zombie (D:5)
  2 adder skeletons
  11 worms
  8 leopard geckos
  71 orcs
  25 bats
  5 giant cockroaches
  20 goblins
  10 hobgoblins
  18 jackals
  2 quokkas
  3 ball pythons
  7 frilled lizards
  A hobgoblin zombie (D:7)
  32 kobolds
  2 kobold zombies (D:7)
  An orc zombie (D:7)
  19 rats
  A spectral orc (D:3)
  10 fungi
  13 plants
958 creatures vanquished.

Vanquished Creatures (collateral kills)
  A hydra (D:13)
  A wretched star (Abyss:3)
  A mana viper (Abyss:3)
  5 ugly things (D:15)
  A spiny frog (Lair:6)
  A polar bear (shapeshifter) (D:13)
  An air elemental (Abyss:3)
  A yak (Lair:6)
  2 orc warriors (Orc:2)
  A wight (D:13)
  An iron imp (Abyss:3)
16 creatures vanquished.

Vanquished Creatures (others)
  3 small abominations (Abyss:3)
  A large abomination (Abyss:3)
  A swamp dragon simulacrum (Abyss:3)
  A hound (Lair:6)
  An orc wizard (Orc:2)
  An ufetubus (Abyss:3)
  An orc (Orc:2)
  6 fungi
  24 plants (Lair:6)
  4 toadstools (D:1)
43 creatures vanquished.

Grand Total: 1017 creatures vanquished

Notes
Turn   | Place    | Note
-------+----------+-------------------------------------------
     0 | D:1      | tognito the Minotaur Berserker began the quest for the Orb.
     0 | D:1      | Reached XP level 1. HP: 19/19 MP: 0/0
   144 | D:1      | Reached XP level 2. HP: 27/27 MP: 1/1
   598 | D:1      | Reached XP level 3. HP: 30/34 MP: 2/2
   736 | D:2      | Noticed Terence
   746 | D:2      | Killed Terence
   747 | D:2      | Reached ** piety under Trog
   988 | D:2      | Reached XP level 4. HP: 41/41 MP: 3/3
  1267 | D:2      | Found an ancient bone altar of Kikubaaqudgha.
  1439 | D:2      | Reached skill level 5 in Fighting
  1472 | D:2      | Noticed Robin
  1484 | D:2      | Killed Robin
  1741 | D:2      | Reached *** piety under Trog
  1812 | D:2      | Reached XP level 5. HP: 48/48 MP: 4/4
  2173 | D:3      | Found a sparkling altar of Nemelex Xobeh.
  2398 | D:3      | Found an iron altar of Okawaru.
  2414 | D:3      | Found a basalt altar of Yredelemnul.
  2460 | D:3      | Reached skill level 5 in Axes
  2645 | D:3      | Found a hazy altar of Hepliaklqana.
  3027 | D:4      | Found a runed door.
  3031 | D:4      | Noticed Crazy Yiuf
  3035 | D:4      | Killed Crazy Yiuf
  3035 | D:4      | Reached XP level 6. HP: 43/57 MP: 3/5
  3225 | D:4      | Found a hide-covered altar of Uskayaw.
  3230 | D:4      | Found Gummaur's Antique Weapon Emporium.
  3520 | D:4      | Found a sacrificial altar of Ru.
  3605 | D:4      | Reached **** piety under Trog
  3673 | D:5      | Entered Level 5 of the Dungeon
  3740 | D:5      | Reached XP level 7. HP: 57/64 MP: 6/6
  3804 | D:5      | Found a staircase to the Ecumenical Temple.
  3806 | D:5      | Gained mutation: Your spells are a little harder to cast, but a little more powerful. [potion of beneficial mutation]
  3840 | D:5      | Noticed an angel
  3841 | D:5      | Found a glowing silver altar of Zin.
  4222 | D:5      | Found a glowing drain.
  4233 | Sewer    | Entered a sewer
  4454 | Sewer    | Reached skill level 5 in Armour
  4472 | Sewer    | Reached XP level 8. HP: 74/74 MP: 7/7
  5040 | D:6      | Found a stormy altar of Qazlal.
  5782 | D:6      | Reached skill level 5 in Dodging
  5916 | D:7      | Found a white marble altar of Elyvilon.
  6058 | D:7      | Reached XP level 9. HP: 83/83 MP: 8/8
  6321 | D:7      | Found a deep blue altar of Sif Muna.
  6859 | D:8      | Found a bloodstained altar of Trog.
  7048 | D:8      | Reached ***** piety under Trog
  7057 | D:8      | Found a shimmering altar of Xom.
  7098 | D:8      | Reached skill level 10 in Fighting
  7115 | D:8      | Noticed strmesko's ghost (novice DEWz)
  7122 | D:8      | Killed strmesko's ghost
  7122 | D:8      | Reached skill level 10 in Axes
  7165 | D:8      | Found Xen Sonu's Armour Emporium.
  7827 | D:9      | Found Omoim's Antique Weapon Boutique.
  7967 | D:9      | Reached XP level 10. HP: 82/94 MP: 6/9
  8160 | D:9      | Found a shimmering altar of Xom.
  8161 | D:9      | Found a shimmering altar of Xom.
  8161 | D:9      | Found a shimmering altar of Xom.
  8162 | D:9      | Found a shimmering altar of Xom.
  8162 | D:9      | Found a shimmering altar of Xom.
  8162 | D:9      | Found a shimmering altar of Xom.
  8168 | D:9      | Found a shimmering altar of Xom.
  8199 | D:9      | Found a roughly hewn altar of Beogh.
  8199 | D:9      | Found a staircase to the Orcish Mines.
  8891 | D:9      | Found a blossoming altar of Fedhas.
  8892 | D:9      | Found a snail-covered altar of Cheibriados.
  9137 | D:10     | Entered Level 10 of the Dungeon
  9895 | D:11     | Received a gift from Trog
 10141 | D:11     | Found a staircase to the Lair.
 10278 | D:11     | Reached XP level 11. HP: 88/104 MP: 7/10
 10351 | D:11     | Killed an unseen horror
 10411 | D:11     | Noticed a hill giant
 10424 | D:11     | Killed a hill giant
 10717 | D:11     | Killed an unseen horror
 11113 | D:11     | Noticed a hill giant
 11122 | D:11     | Killed a hill giant
 11232 | D:12     | Noticed a hill giant
 11242 | D:12     | Killed a hill giant
 11865 | D:12     | Noticed a hill giant
 11877 | D:12     | Killed a hill giant
 11893 | D:12     | Found Detub's Antique Weapon Boutique.
 11910 | D:12     | Reached XP level 12. HP: 116/116 MP: 11/11
 12210 | D:13     | Noticed a vault guard
 12220 | D:13     | Reached ****** piety under Trog
 12220 | D:13     | Received a gift from Trog
 12733 | D:13     | Reached skill level 10 in Armour
 13229 | D:13     | Noticed a seven-headed hydra
 13245 | D:13     | Killed a seven-headed hydra
 13741 | D:13     | Noticed a vault guard
 13770 | D:13     | Reached skill level 15 in Fighting
 13770 | D:13     | Reached skill level 10 in Dodging
 13983 | D:13     | Killed a vault guard
 14022 | D:13     | Reached skill level 15 in Axes
 14075 | D:13     | Noticed a vault guard
 14075 | D:13     | Noticed an ogre mage
 14077 | D:13     | Killed a vault guard
 14077 | D:13     | Reached XP level 13. HP: 87/127 MP: 12/12
 14553 | D:13     | Found a gate to the Vaults.
 14884 | D:14     | Noticed Urug
 14893 | D:14     | Killed Urug
 14901 | D:14     | Received a gift from Trog
 15325 | D:14     | Found Ydiul's Food Emporium.
 15378 | D:14     | Identified a scroll of acquirement
 15872 | D:15     | Entered Level 15 of the Dungeon
 15968 | D:15     | Noticed Josephine
 15972 | D:15     | Found Veuk's Magic Scroll Boutique.
 15975 | D:15     | Noticed Rupert
 15977 | D:15     | Killed Josephine
 15982 | D:15     | Paralysed by Rupert for 7 turns
 15986 | D:15     | Cast into level 4 of the Abyss (Rupert)
 16077 | Abyss:4  | Found a basalt altar of Yredelemnul.
 16086 | Abyss:4  | Found a basalt altar of Yredelemnul.
 16097 | Abyss:4  | Found a basalt altar of Yredelemnul.
 16145 | Abyss:4  | Noticed a starcursed mass
 16177 | Abyss:4  | Noticed an angel
 16183 | Abyss:5  | Entered Level 5 of the Abyss
 16219 | Abyss:5  | Noticed a cyan very ugly thing
 16219 | Abyss:5  | Noticed a cyan very ugly thing
 16231 | Abyss:5  | Killed a cyan very ugly thing
 16235 | Abyss:5  | Killed a cyan very ugly thing
 16275 | D:15     | Escaped the Abyss
 16288 | D:15     | Killed Rupert
 16288 | D:15     | Reached XP level 14. HP: 17/138 MP: 5/13
 16357 | D:15     | Received a gift from Trog
 16843 | D:15     | Found a staircase to the Depths.
 17123 | D:15     | Found Plog's Distillery.
 17229 | D:15     | Noticed Roxanne
 17788 | D:15     | Found Heungurosyrr's Antique Weapon Boutique.
 18116 | D:15     | Killed Roxanne
 18117 | D:15     | Identified Roxanne's Disquisition on Stones (You took it off Roxanne on level 15 of the Dungeon)
 18677 | Lair:1   | Entered Level 1 of the Lair of Beasts
 18741 | Lair:1   | Noticed Exporg's ghost (journeyman MiFi)
 18757 | Lair:1   | Killed Exporg's ghost
 19400 | Lair:1   | Received a gift from Trog
 19647 | Lair:2   | Found a hole to the Spider Nest.
 19695 | Lair:2   | Received a gift from Trog
 19908 | Lair:2   | Received a gift from Trog
 19927 | Lair:2   | Noticed equalderp2856's ghost (novice FeFi)
 19938 | Lair:2   | Killed equalderp2856's ghost
 20511 | Lair:2   | Noticed Erica
 20522 | Lair:2   | Killed Erica
 20706 | Lair:3   | Found a staircase to the Swamp.
 20744 | Lair:3   | Reached XP level 15. HP: 149/149 MP: 4/14
 21723 | Lair:4   | Received a gift from Trog
 21733 | Lair:4   | Got a pitted battleaxe {god gift}
 21734 | Lair:4   | Lost intelligence.
 21734 | Lair:4   | Identified the +9 battleaxe of Imminent Death {venom, rElec rC++ Int-4 SInv} (Trog gifted it to you on level 4 of the Lair of Beasts)
 21817 | Lair:4   | Lost intelligence.
 21887 | Lair:4   | Lost intelligence.
 22060 | Lair:4   | Lost intelligence.
 22938 | Lair:5   | Lost intelligence.
 23054 | Lair:5   | Lost mutation: Your spells are a little harder to cast, but a little more powerful. [potion of cure mutation]
 23289 | Lair:6   | Entered Level 6 of the Lair of Beasts
 23292 | Lair:6   | Noticed Felix's ghost (journeyman GrIE)
 23307 | Lair:6   | Killed Felix's ghost
 23644 | Lair:6   | Received a gift from Trog
 24154 | Lair:6   | Found a viscous altar of Jiyva.
 24154 | Lair:6   | Found a staircase to the Slime Pits.
 24307 | Lair:6   | Found a runed door.
 24352 | Lair:6   | Received a gift from Trog
 25011 | Orc:1    | Entered Level 1 of the Orcish Mines
 25052 | Orc:1    | Found a dark tunnel.
 25087 | Volcano  | Entered a volcano
 25424 | Volcano  | Found a bloodstained altar of Trog.
 26019 | Orc:2    | Entered Level 2 of the Orcish Mines
 26240 | Orc:2    | Reached XP level 16. HP: 160/160 MP: 15/15
 26591 | Orc:2    | Found Xaedenn's Distillery.
 26591 | Orc:2    | Found Povvux's Distillery.
 26719 | Orc:2    | Found Ypeuw's Antique Armour Shop.
 26721 | Orc:2    | Found Oduugradd's Distillery.
 26861 | Orc:2    | Found a staircase to the Elven Halls.
 26967 | Orc:2    | Noticed Donald
 26975 | Orc:2    | Killed Donald
 27044 | Orc:2    | Received a gift from Trog
 27047 | Orc:2    | Cast into level 3 of the Abyss (a distortion unwield)
 27283 | Abyss:3  | Noticed a bone dragon
 27299 | Abyss:3  | Killed a bone dragon
 27307 | Abyss:3  | Lost intelligence.
 27363 | Abyss:3  | Noticed a hellephant
 27368 | Abyss:3  | Found a corrupted altar of Lugonu.
 27378 | Orc:2    | Escaped the Abyss
 27587 | Elf:1    | Entered Level 1 of the Elven Halls
 27702 | Elf:1    | Found Puzeawib's General Store.
 27939 | Elf:1    | Noticed Agnes
 27967 | Elf:1    | Lost intelligence.
 28009 | Elf:1    | Killed Agnes
 28010 | Elf:1    | Killed from afar by a deep elf knight

Skill      XL: |  1  2  3  4  5  6  7  8  9 10 11 12 13 14 15 16 |
---------------+-------------------------------------------------+-----
Fighting       | 4 5 6 7 9 10 12 13 15 16 18 19 | 19.8
Axes           | 4 5 6 7 8 10 12 13 15 16 17 18 19 | 19.4
Armour         | 3 4 5 7 8 9 10 12 13 14 | 14.4
Dodging        | 3 4 5 6 7 9 10 11 12 13 | 13.3

Action                   |  1- 3 |  4- 6 |  7- 9 | 10-12 | 13-15 | 16-18 || total
-------------------------+-------+-------+-------+-------+-------+-------++-------
Melee: Hand axe          |    64 |    75 |       |       |       |       ||   139
       Headbutt          |     7 |    29 |    52 |   118 |   185 |    34 ||   425
       War axe           |       |   105 |   270 |       |       |       ||   375
       Battleaxe         |       |       |    51 |   474 |   824 |       ||  1349
       Broad axe         |       |       |       |    17 |       |       ||    17
       Shortbow          |       |       |       |     1 |       |       ||     1
       Lajatang          |       |       |       |    32 |       |       ||    32
       Executioner's axe |       |       |       |       |    83 |   147 ||   230
 Fire: Shortbow          |       |       |    49 |   112 |       |       ||   161
       Hand crossbow     |       |       |       |    61 |       |       ||    61
       Arbalest          |       |       |       |    12 |   249 |    65 ||   326
Invok: Berserk           |     1 |       |       |     2 |     1 |     1 ||     5
       Burn Spellbooks   |       |       |     1 |     3 |     5 |       ||     9
       Trog's Hand       |       |       |       |     2 |     3 |     3 ||     8
       Brothers in Arms  |       |       |       |     1 |     3 |     2 ||     6
Evoke: Box of beasts     |       |       |       |       |     1 |       ||     1
  Use: Potion            |     6 |     3 |     2 |     1 |     5 |     1 ||    18
       Scroll            |       |       |       |    13 |    11 |       ||    24
 Stab: Sleeping          |       |     1 |       |       |       |       ||     1
       Distracted        |       |       |       |       |     1 |       ||     1
  Eat: Chunk             |     1 |     9 |    14 |    23 |    38 |     7 ||    92
       Fruit             |       |       |       |       |     5 |     2 ||     7
       Royal jelly       |       |       |       |       |     2 |       ||     2
Armor: Animal skin       |    12 |       |       |       |       |       ||    12
       Ring mail         |     8 |    69 |    75 |       |       |       ||   152
       Scale mail        |       |       |    42 |     8 |       |       ||    50
       Plate armour      |       |       |       |   324 |   584 |    89 ||   997
Dodge: Dodged            |    62 |   119 |   224 |   590 |  1067 |   205 ||  2267
